 Dungeon Crawl Stone Soup version 0.28-a0-674-gdaf460b524 (webtiles) character file.

Game seed: 9111072209305198597

1274 jasper the Carver (level 8, -2/58 HPs)
             Began as a Demonspawn Cinder Acolyte on Oct 17, 2021.
             Was a Follower of Ignis.
             Slain by a wyvern skeleton (4 damage)
             ... on level 6 of the Dungeon.
             The game lasted 00:08:55 (7438 turns).

jasper the Carver (Demonspawn Cinder Acolyte)       Turns: 7438, Time: 00:08:55

Health: -2/58      AC:  9    Str: 16 (18) XL:     8   Next: 28%
Magic:  0/9        EV:  7    Int: 11 (13) God:    Ignis [*.....]
Gold:   246        SH:  5    Dex:  8 (9)  Spells: 9/9 levels left

rFire   + . .      SeeInvis .   d - +3 long sword of the Badger {venom, rElec rC+ Stlth+}
rCold   + . .      Faith    .   k - +0 kite shield {rN+}
rNeg    + . .      Spirit   +   g - +1 ring mail
rPois   .          Reflect  .   s - +0 helmet of the Quahog {Str+2 Int-3 Stlth+}
rElec   +          Harm     .   (no cloak)
rCorr   .          Rampage  .   (no gloves)
Will    .....                   (no boots)
Stlth   ++........              (no amulet)
HPRegen 0.19/turn               (no ring)
MPRegen 0.22/turn               (no ring)

@: about to teleport, very slightly contaminated, invisible
A: yellow scales 1, magic shield, magic regeneration
a: Renounce Religion, Sea of Fire, Foxfire Swarm


You were on level 6 of the Dungeon.
You worshipped Ignis.
Ignis was aware of your devotion.
You visited 1 branch of the dungeon, and saw 6 of its levels.

You collected 246 gold pieces.

Inventory:

Hand Weapons
 a - a +0 falchion of flaming
 d - the +3 long sword of the Badger (weapon) {venom, rElec rC+ Stlth+}
   (You acquired it on level 1 of the Dungeon)

   It poisons the flesh of those it strikes.
   rC:        It protects you from cold.
   rElec:     It insulates you from electricity.
   Stlth:     It makes you more stealthy.
Missiles
 e - 150 stones
 q - 37 poisoned darts (quivered)
Armour
 b - a +0 robe
 c - a +0 leather armour
 g - a +1 ring mail (worn)
 k - a +0 kite shield of positive energy (worn)
 s - the +0 helmet of the Quahog (worn) {Str+2 Int-3 Stlth+}
   (You found it on level 6 of the Dungeon)

   Str:       It affects your strength (+2).
   Int:       It affects your intelligence (-3).
   Stlth:     It makes you more stealthy.
 t - a +0 plate armour
Magical Staves
 i - a staff of air
Wands
 j - a wand of flame (10)
Scrolls
 m - a scroll of vulnerability
 p - a scroll of teleportation
Potions
 f - 3 potions of magic
 h - a potion of invisibility
 n - a potion of attraction {unknown}
 o - a potion of degeneration
 r - a potion of brilliance {unknown}
 u - a potion of flight {unknown}


   Skills:
 - Level 3.0 Fighting
 + Level 9.7 Long Blades
 - Level 1.0 Spellcasting
 - Level 2.6 Fire Magic


You had 9 spell levels left.
You didn't know any spells.
Your spell library contained the following spells:

 Spells                   Type           Power      Damage    Failure   Level
 Scorch                   Fire           12%        2d6       91%         2
 Animate Skeleton         Necr           0%         N/A       99%         1
 Pain                     Necr           0%         1d4       99%         1
 Passwall                 Tmut/Erth      0%         N/A       100%        2
 Swiftness                Air            0%         N/A       100%        3
 Vampiric Draining        Necr           0%         2d6       100%        3
 Invisibility             Hex            0%         N/A       100%        6


Dungeon Overview and Level Annotations

Branches:
Dungeon (6/15)
 Temple: D:4-7

Altars:

Annotations:
D:4 Grinder
D:6 Maggie


Innate Abilities, Weirdness & Mutations

You are partially covered in yellow scales. (AC +2)
When hurt, damage is shared between your health and your magic reserves.
You regenerate magic rapidly.


Message History

The wyvern skeleton bites you. The orc warrior barely misses you.
You take 1 damage, and have 30/58 hp.
You fade into invisibility!
The wyvern skeleton bites you. The orc warrior closely misses you.
You are very lightly contaminated with residual magic.
You take 3 damage, and have 27/58 hp.
You now have 7/9 mp.
You feel better. The wyvern skeleton bites you.
The orc warrior hits you but does no damage.
The wyvern skeleton bites you but does no damage.
You regained 3 hp, and now have 30/58 hp.
You now have 6/9 mp.
You hit the wyvern skeleton.
The wyvern skeleton is lightly damaged.
The wyvern skeleton bites you.
The orc warrior hits you with a +0 short sword!
* * * LOW HITPOINT WARNING * * *
You take 13 damage, and have 17/58 hp.
MASSIVE DAMAGE!!
You now have 4/9 mp.
Okay, then.
As you read the scroll of teleportation, it crumbles to dust.
You feel strangely unstable. The wyvern skeleton bites you.
* * * LOW HITPOINT WARNING * * *
The orc wizard gestures wildly while chanting.
The orc wizard flickers and vanishes!
Deactivating autopickup; reactivate with Ctrl-A.
You block the orc warrior's attack.
You take 3 damage, and have 14/58 hp.
You now have 3/9 mp.
You slash the wyvern skeleton!
The wyvern skeleton is moderately damaged.
The wyvern skeleton bites you but does no damage.
The orc warrior hits you with a +0 short sword.
* * * LOW HITPOINT WARNING * * *
The wyvern skeleton barely misses you.
You take 4 damage, and have 10/58 hp.
It was a potion of degeneration.
There was something very wrong with that liquid.
You feel weakened.
You feel dopey.
You feel clumsy.
The orc warrior hits you with a +0 short sword!
* * * LOW HITPOINT WARNING * * *
The wyvern skeleton bites you.
You die...

#....##..####
#............
#..#.#.#######
#....#.#
......#o#
.......#o#
.......#{#
....#.#o# #@#
#Z# #.. ####


You could see an orc warrior, 2 orcs and a wyvern skeleton.

Vanquished Creatures
  Prince Ribbit (D:6)
  A water moccasin (D:4)
  Duvessa (D:5)
  A necrophage (D:5)
  A phantom (D:6)
  A bullfrog (D:6)
  A scorpion (D:5)
  Dowan (D:5)
  A wyvern skeleton (D:5)
  A howler monkey (D:5)
  2 hounds (D:5)
  2 orc priests (D:5)
  An iguana (D:6)
  2 orc wizards
  Ijyb (D:5)
  A scorpion zombie (D:5)
  A howler monkey zombie (D:4)
  8 adders
  A white imp (D:5)
  An adder skeleton (D:4)
  A worm (D:5)
  2 dart slugs
  10 orcs
  3 ball pythons (D:1)
  10 endoplasms
  2 giant cockroaches
  11 goblins
  4 hobgoblins
  4 jackals (D:1)
  10 kobolds
  3 quokkas
  8 bats
  A frilled lizard (D:2)
  2 rats
101 creatures vanquished.

Vanquished Creatures (others)
  60 foxfires
60 creatures vanquished.

Grand Total: 161 creatures vanquished

Notes
Turn   | Place    | Note
-------+----------+-------------------------------------------
     0 | D:1      | jasper the Demonspawn Cinder Acolyte began the quest for
                  | the Orb.
     0 | D:1      | Reached XP level 1. HP: 18/18 MP: 2/2
   119 | D:1      | Reached skill level 3 in Long Blades
   240 | D:1      | Gained mutation: You regenerate magic rapidly. [demonic
                  | ancestry]
   240 | D:1      | Reached XP level 2. HP: 22/24 MP: 3/3
  1060 | D:1      | Reached XP level 3. HP: 26/29 MP: 4/4
  1261 | D:1      | Reached skill level 4 in Long Blades
  1555 | D:1      | Identified a scroll of acquirement
  1555 | D:1      | Acquired the +3 long sword of the Badger {venom, rElec rC+
                  | Stlth+}
  2154 | D:2      | Found a faded altar of an unknown god.
  2243 | D:2      | Gained mutation: You are partially covered in yellow
                  | scales. (AC +2) [demonic ancestry]
  2243 | D:2      | Reached XP level 4. HP: 35/35 MP: 5/5
  3423 | D:3      | Reached skill level 5 in Long Blades
  4335 | D:4      | Gained mutation: When hurt, damage is shared between your
                  | health and your magic reserves. [demonic ancestry]
  4335 | D:4      | Reached XP level 5. HP: 39/41 MP: 6/6
  4755 | D:4      | Noticed a water moccasin
  4760 | D:4      | Killed a water moccasin
  4761 | D:4      | Reached skill level 6 in Long Blades
  4761 | D:4      | Reached XP level 6. HP: 31/47 MP: 5/7
  5120 | D:4      | Noticed Grinder
  5120 | D:4      | Paralysed by Grinder for 2 turns
  5133 | D:4      | Paralysed by Grinder for 4 turns
  5285 | D:5      | Entered Level 5 of the Dungeon
  5327 | D:5      | Reached skill level 7 in Long Blades
  5458 | D:5      | Reached XP level 7. HP: 52/52 MP: 8/8
  6129 | D:5      | Noticed Duvessa
  6130 | D:5      | Noticed Dowan
  6138 | D:5      | Killed Duvessa
  6139 | D:5      | Reached skill level 8 in Long Blades
  6142 | D:5      | Killed Dowan
  6240 | D:5      | Noticed Ijyb
  6254 | D:5      | Killed Ijyb
  6810 | D:6      | Noticed Maggie
  6836 | D:6      | Acquired a +0 kite shield of positive energy
  7008 | D:6      | Reached skill level 9 in Long Blades
  7008 | D:6      | Reached XP level 8. HP: 58/58 MP: 9/9
  7008 | D:6      | Noticed Prince Ribbit
  7025 | D:6      | Killed Prince Ribbit
  7353 | D:6      | Identified the +0 helmet of the Quahog {Str+2 Int-3 Stlth+}
  7438 | D:6      | HP: 2/58 [orc warrior (9)]
  7438 | D:6      | Slain by a wyvern skeleton

Illustrated notes

Levels and vault maps discovered:
D:1:      saegor_arrival_simple_d, layout_basic, minmay_tromino_v4_b
D:2:      layout_basic, shapermc_ecumenical_altar_petra
D:3:      layout_basic, serial_park_tiny_pond, hangedman_decor_peaks_small,
          hangedman_glass_teeth
D:4:      layout_basic, chequers_garden, minmay_misc_feat_columns,
          minmay_ogre_servants, uniq_grinder
D:5:      layout_loops_ring, uniq_duvessa, uniq_ijyb
D:6:      layout_cave_pods, minivault_5, uniq_maggie, uniq_prince_ribbit1

Skill      XL: |  1  2  3  4  5  6  7 |
---------------+----------------------+-----
Long Blades    | 3 4 5 6 7 9 |  9.7
Fighting       | |  3.0
Spellcasting   | |  1.0
Fire Magic     | |  2.6

Action                   |  1- 3 |  4- 6 |  7- 9 || total
-------------------------+-------+-------+-------++-------
Melee: Falchion          |    90 |       |       ||    90
       Long sword        |    36 |    99 |    90 ||   225
Throw: Stone             |     3 |       |       ||     3
       Dart              |     3 |    32 |    22 ||    57
Invok: Foxfire Swarm     |       |     3 |     3 ||     6
       Rising Flame      |       |     1 |       ||     1
  Use: Scroll            |     5 |     6 |     3 ||    14
       Potion            |       |     2 |     3 ||     5
 Stab: Sleeping          |     1 |       |       ||     1
Armor: Leather armour    |    13 |       |       ||    13
       Ring mail         |    32 |    48 |    22 ||   102
Dodge: Dodged            |    77 |    56 |    31 ||   164
Block: Kite shield       |       |       |     6 ||     6

Table legend: (Time is in decaauts)
 A = Elapsed time spent in this place.
 B = Non-inter-level travel time spent in this place.
 C = Inter-level travel time spent in this place.
 D = Time resting spent in this place.
 E = Time spent auto-exploring this place.
 F = Levels seen in this place.
 G = Mean time per level.
                   A        B        C        D        E       F      G
               +--------+--------+--------+--------+--------+-----+--------+
         Total |   7490 |   7145 |    345 |   1894 |   4153 |   6 | 1248.3 |
       Dungeon |   7490 |   7145 |    345 |   1894 |   4153 |   6 | 1248.3 |
               +--------+--------+--------+--------+--------+-----+--------+

Top non-repeatable levels by time:
     D:1: 1615 daAuts
     D:5: 1541 daAuts
     D:3: 1493 daAuts
     D:4: 1255 daAuts
     D:2: 958 daAuts
     D:6: 625 daAuts
